 Dungeon Crawl Stone Soup version 0.23.2-1-ga50397a (webtiles) character file.

Game seed: 15894727877363067877

8 Iscandelvey the Vexing (level 2, 10/21 HPs)
             Began as a Demonspawn Arcane Marksman on May 9, 2019.
             Quit the game on level 1 of the Dungeon.
             The game lasted 00:00:11 (239 turns).

Iscandelvey the Vexing (Demonspawn Arcane Marksman)  Turns: 239, Time: 00:00:12

Health: 10/21      AC:  3    Str: 10    XL:     2   Next: 0%
Magic:  3/3        EV: 12    Int: 14    God:
Gold:   32         SH:  0    Dex: 13    Spells: 2/3 levels left

rFire    . . .     SeeInvis .   a - +0 hand crossbow
rCold    . . .     Gourm    .   (no shield)
rNeg     . . .     Faith    .   e - +0 robe
rPois    .         Spirit   .   (no helmet)
rElec    .         Reflect  .   (no cloak)
rCorr    .         Harm     .   (no gloves)
MR       .....                  (no boots)
Stlth    +.........             (no amulet)
HPRegen  0.07/turn              (no ring)
MPRegen  0.08/turn              (no ring)

@: no status effects
A: rugged brown scales 1
a: no special abilities


You were on level 1 of the Dungeon.
You were not hungry.

You visited 1 branch of the dungeon, and saw 1 of its levels.

You collected 32 gold pieces.

Inventory:

Hand Weapons
 a - a +0 hand crossbow (weapon)
Missiles
 d - 15 bolts (quivered)
Armour
 e - a +0 robe (worn)
Scrolls
 b - a scroll of magic mapping {unknown}
Potions
 c - a potion of brilliance {unknown}
Comestibles
 f - 3 rations


   Skills:
 + Level 1.0 Fighting
 + Level 2.2 Crossbows
 + Level 1.9 Dodging
 + Level 1.0 Spellcasting
 + Level 3.1 Hexes


You had 2 spell levels left.
You knew the following spells:

 Your Spells              Type           Power        Failure   Level  Hunger
a - Corona                Hex            #......      8%          1    ##.....

Your spell library contained the following spells:

 Spells                   Type           Power        Failure   Level  Hunger
 Slow                     Hex            #.......     11%         2    ###....
 Inner Flame              Hex/Fire       #.......     38%         3    ####...
 Portal Projectile        Hex/Tloc       #.....       38%         3    ####...
 Cause Fear               Hex            #.........   58%         4    #####..
 Leda's Liquefaction      Hex/Erth       #.........   80%         4    #####..


Dungeon Overview and Level Annotations

Branches:
Dungeon (1/15)

Altars:


Innate Abilities, Weirdness & Mutations

You are partially covered in rugged brown scales. (AC +1, +3% HP)


Message History

You open the door.
A dart slug comes into view.
Found a scratched brass ring and a scroll labeled MIBLIDD JELL.
Firing (i - inventory)
d - 17 bolts (quivered)
Press: ? - help, Shift-Dir - straight line, f - dart slug
Aim: a dart slug (clinging, resting)
You shoot a bolt. The bolt hits the dart slug!
The dart slug is almost dead.
The dart slug launches a dart at you. The slug dart hits you.
A dart slug is nearby!
Firing (i - inventory)
d - 16 bolts (quivered)
Press: ? - help, Shift-Dir - straight line, f/p - dart slug
Aim: a dart slug (almost dead, clinging)
You shoot a bolt. The bolt hits the dart slug!
You kill the dart slug!
You have reached level 2!
Your demonic ancestry asserts itself...
Rugged brown scales grow over part of your body.
Are you sure you want to abandon this character and quit the game? (Confirm with "yes".)

.###........ .#
#...... ....########
#.# #...#.. ....#
#.# # #...#.. ....#
##+#.# .. #.. #..
....# #....# ..? #..
#.. ....# #....#
.... ### ....#
#....# ..... . ....#
######....##...... #
....#
#.......#.@'...... .
.####
#.......####(..... #
.# #..........+
..... #
.######.......####
.... #
.'....'.............
..= #
.######.......######
## ######## .#
#.......... .>......
## #........##
######. #........#
#...


There were no monsters in sight!

Vanquished Creatures
  A dart slug (D:1)
  A bat (D:1)
  A hobgoblin (D:1)
  4 rats (D:1)
7 creatures vanquished.

Notes
Turn   | Place    | Note
-------+----------+-------------------------------------------
     0 | D:1      | Iscandelvey the Demonspawn Arcane Marksman began the quest
                  | for the Orb.
     0 | D:1      | Reached XP level 1. HP: 15/15 MP: 2/2
   238 | D:1      | Gained mutation: You are partially covered in rugged brown
                  | scales. (AC +1, +3% HP) [demonic ancestry]
   238 | D:1      | Reached XP level 2. HP: 10/21 MP: 3/3
   239 | D:1      | Quit the game

Skill      XL: |  1 |
---------------+----+-----
Crossbows      | 2 |  2.2
Fighting       | |  1.0
Dodging        | |  1.9
Spellcasting   | |  1.0
Hexes          | |  3.1

Action                   || total
-------------------------++-------
 Fire: Hand crossbow     ||    20
Armor: Robe              ||     5
Dodge: Dodged            ||     1
